ITL
PORTLAND PRIVATEERS @ WISCONSIN TIMBER RATTLERS
07/24/2026
 
TOP OF THE 1ST
Portland Privateers batting - Pitching for Wisconsin Timber Rattlers : RHP Ramón Rodríguez
Pitching: RHP Ramón Rodríguez
Batting: RHB Luis Pineda 0-0: Foul Ball, location: 2F
0-1: SINGLE (Groundball, 5D)
Batting: RHB Juan Sánchez 0-0: Ball
1-0: Fielders Choice at 2nd, 3-6 (Groundball, 3)
Batting: RHB Troy Lau 0-0: Ball
1-0: Ball
2-0: Called Strike
2-1: Foul Ball, location: 2F
2-2: Foul Ball, location: 2F
2-2: Foul Ball, location: 2F
2-2: Foul Ball, location: 2F
2-2: Ball
3-2: Foul Ball, location: 2F
3-2: Base on Balls
Juan Sánchez to second
Batting: SHB Patrick Larson 0-0: Ball
1-0: Foul Ball, location: 2F
1-1: Fly out, F9 (Flyball, 9LM)
Batting: RHB Júlio Vélez 0-0: Called Strike
0-1: Ball
1-1: Ball
2-1: Ball
3-1: DOUBLE (Flyball, 8LXD)
Juan Sánchez scores
Troy Lau to third
Runner from 3rd tries for Home, SAFE, no throw or cutoff
Batting: LHB Juan Acotia 0-0: Fly out, F3 (Line Drive, 3)
Top of the 1st over - 2 run(s), 2 hit(s), 0 error(s), 1 left on base; Portland 2 - Wisconsin 0
BOTTOM OF THE 1ST
Wisconsin Timber Rattlers batting - Pitching for Portland Privateers : RHP Blaine Yarbrough
Pitching: RHP Blaine Yarbrough
Batting: RHB John Denton 0-0: Ball
1-0: Ball
2-0: Called Strike
2-1: Ball
3-1: Foul Ball, location: 2F
3-2: Base on Balls
Batting: RHB António Pérez 0-0: Ground out 5-3 (Groundball, 5S)
John Denton to second
Batting: SHB Ricardo Arévalo 0-0: Ball
1-0: Ball
2-0: Foul Ball, location: 2F
2-1: Foul Ball, location: 2F
2-2: Ball
3-2: Foul Ball, location: 2F
3-2: Fly out, F7 (Flyball, 7S)
Batting: RHB Jimmy Smith 0-0: Foul Ball, location: 2F
0-1: Ball
1-1: Ball
2-1: SINGLE (Groundball, 56D)
John Denton to third
Runner from 3rd tries for Home, SAFE, no throw or cutoff
Batting: RHB Vicente Vélez 0-0: Ball
1-0: Ball
2-0: Ball
3-0: Fielders Choice at 2nd, U6 (Groundball, 6M)
Bottom of the 1st over - 1 run(s), 1 hit(s), 0 error(s), 1 left on base; Portland 2 - Wisconsin 1
TOP OF THE 2ND
Portland Privateers batting - Pitching for Wisconsin Timber Rattlers : RHP Ramón Rodríguez
Batting: LHB Pedro Padilla 0-0: Ball
1-0: Called Strike
1-1: Ball
2-1: Ball
3-1: Base on Balls
Batting: RHB Jorge Cora 0-0: Foul Ball, location: 2F
0-1: Grounds into double play, 6-4-3 (Groundball, 6)
Batting: RHB Luther Stoffels 0-0: Called Strike
0-1: Ball
1-1: Ball
2-1: SINGLE (Line Drive, 6M)
Batting: RHB Luis Pineda 0-0: Called Strike
0-1: Ball
1-1: Ball
2-1: Foul Ball, location: 2F
2-2: Ball
3-2: Ground out 4-3 (Groundball, 4M)
Top of the 2nd over - 0 run(s), 1 hit(s), 0 error(s), 1 left on base; Portland 2 - Wisconsin 1
BOTTOM OF THE 2ND
Wisconsin Timber Rattlers batting - Pitching for Portland Privateers : RHP Blaine Yarbrough
Batting: SHB Bob Warren 0-0: Ball
1-0: Ball
2-0: Ball
3-0: Called Strike
3-1: Base on Balls
Batting: RHB William Farmer 0-0: Called Strike
0-1: Called Strike
0-2: Strikes out swinging
Batting: RHB Murdoch Norton 0-0: Ball
1-0: Ball
2-0: Ball
3-0: Base on Balls
Bob Warren to second
Batting: RHB Bailey Ramsey 0-0: Grounds into double play, 4-6-3 (Groundball, 4)
Bottom of the 2nd over - 0 run(s), 0 hit(s), 0 error(s), 1 left on base; Portland 2 - Wisconsin 1
TOP OF THE 3RD
Portland Privateers batting - Pitching for Wisconsin Timber Rattlers : RHP Ramón Rodríguez
Batting: RHB Juan Sánchez 0-0: Called Strike
0-1: Ball
1-1: Swinging Strike
1-2: Strikes out swinging
Batting: RHB Troy Lau 0-0: Called Strike
0-1: Ball
1-1: Ball
2-1: SOLO HOME RUN (Flyball, 78XD), Distance : 422 ft
Batting: SHB Patrick Larson 0-0: Foul Ball, location: 2F
0-1: Foul Ball, location: 2F
0-2: Strikes out swinging
Batting: RHB Júlio Vélez 0-0: Called Strike
0-1: Swinging Strike
0-2: Foul Ball, location: 2F
0-2: Ball
1-2: Fly out, F4 (Popup, 4MD)
Top of the 3rd over - 1 run(s), 1 hit(s), 0 error(s), 0 left on base; Portland 3 - Wisconsin 1
BOTTOM OF THE 3RD
Wisconsin Timber Rattlers batting - Pitching for Portland Privateers : RHP Blaine Yarbrough
Batting: RHB John Denton 0-0: Ball
1-0: Foul Ball, location: 2F
1-1: Foul Ball, location: 2F
1-2: Foul Ball, location: 2F
1-2: Strikes out swinging
Batting: RHB António Pérez 0-0: Fly out, F5 (Line Drive, 5S)
Batting: SHB Ricardo Arévalo 0-0: Called Strike
0-1: Ball
1-1: Ground out U3 (Groundball, 3S)
Bottom of the 3rd over - 0 run(s), 0 hit(s), 0 error(s), 0 left on base; Portland 3 - Wisconsin 1
TOP OF THE 4TH
Portland Privateers batting - Pitching for Wisconsin Timber Rattlers : RHP Ramón Rodríguez
Batting: LHB Juan Acotia 0-0: Called Strike
0-1: Swinging Strike
0-2: Strikes out swinging
Batting: LHB Pedro Padilla 0-0: Foul Ball, location: 2F
0-1: Ball
1-1: Ball
2-1: Ball
3-1: Base on Balls
Batting: RHB Jorge Cora 0-0: Called Strike
0-1: Called Strike
0-2: Foul Ball, location: 2F
0-2: Ball
1-2: Ball
2-2: Strikes out swinging
Pitching: RHP Jerry Terry
Batting: RHB Luther Stoffels 0-0: Ball
1-0: Ball
2-0: Called Strike
2-1: Foul Ball, location: 2F
2-2: Foul Ball, location: 2F
2-2: Ball
3-2: Foul Ball, location: 2F
3-2: SINGLE (Line Drive, 8LS)
Pedro Padilla to second
Pedro Padilla to third
Batting: RHB Luis Pineda 0-0: Ball
1-0: Ball
2-0: Ball
3-0: Called Strike
3-1: Ground out U3 (Groundball, 3L)
Top of the 4th over - 0 run(s), 1 hit(s), 0 error(s), 2 left on base; Portland 3 - Wisconsin 1
BOTTOM OF THE 4TH
Wisconsin Timber Rattlers batting - Pitching for Portland Privateers : RHP Blaine Yarbrough
Batting: RHB Jimmy Smith 0-0: Ball
1-0: Ground out 4-3 (Groundball, 4)
Batting: RHB Vicente Vélez 0-0: Ball
1-0: Called Strike
1-1: DOUBLE (Line Drive, 78XD)
Batting: SHB Bob Warren 0-0: Swinging Strike
0-1: Fly out, F7 (Flyball, 7LM)
Batting: RHB William Farmer 0-0: Ball
1-0: Called Strike
1-1: Fly out, F9 (Flyball, 9D)
Bottom of the 4th over - 0 run(s), 1 hit(s), 0 error(s), 1 left on base; Portland 3 - Wisconsin 1
TOP OF THE 5TH
Portland Privateers batting - Pitching for Wisconsin Timber Rattlers : RHP Jerry Terry
Batting: RHB Juan Sánchez 0-0: Called Strike
0-1: Swinging Strike
0-2: Ball
1-2: Strikes out swinging
Batting: RHB Troy Lau 0-0: Ball
1-0: Ball
2-0: Ball
3-0: Called Strike
3-1: Called Strike
3-2: Strikes out swinging
Batting: SHB Patrick Larson 0-0: Called Strike
0-1: Fly out, F5 (Popup, 25)
Top of the 5th over - 0 run(s), 0 hit(s), 0 error(s), 0 left on base; Portland 3 - Wisconsin 1
BOTTOM OF THE 5TH
Wisconsin Timber Rattlers batting - Pitching for Portland Privateers : RHP Blaine Yarbrough
Batting: RHB Murdoch Norton 0-0: Called Strike
0-1: Called Strike
0-2: Foul Ball, location: 2F
0-2: Foul Ball, location: 2F
0-2: Strikes out looking
Batting: RHB Bailey Ramsey 0-0: Ball
1-0: Foul Ball, location: 2F
1-1: Foul Ball, location: 2F
1-2: Foul Ball, location: 2F
1-2: Ground out 2-3 (Groundball, 2R)
Batting: RHB John Denton 0-0: Ball
1-0: Foul Ball, location: 2F
1-1: Ball
2-1: Foul Ball, location: 2F
2-2: Ball
3-2: Fly out, F9 (Line Drive, 9M)
Bottom of the 5th over - 0 run(s), 0 hit(s), 0 error(s), 0 left on base; Portland 3 - Wisconsin 1
TOP OF THE 6TH
Portland Privateers batting - Pitching for Wisconsin Timber Rattlers : RHP Jerry Terry
Batting: RHB Júlio Vélez 0-0: Ball
1-0: Ball
2-0: Called Strike
2-1: Ground out 5-3 (Groundball, 56S)
Batting: LHB Juan Acotia 0-0: Ball
1-0: Ball
2-0: Called Strike
2-1: SINGLE (Groundball, 4MD)
Pitching: LHP Tim Wilson
Batting: LHB Pedro Padilla Pickoff Throw to First - Out!
0-0: SINGLE (Groundball, 4M)
Batting: RHB Jorge Cora 0-0: Swinging Strike
0-1: Foul Ball, location: 2F
0-2: Strikes out swinging
Top of the 6th over - 0 run(s), 2 hit(s), 0 error(s), 1 left on base; Portland 3 - Wisconsin 1
BOTTOM OF THE 6TH
Wisconsin Timber Rattlers batting - Pitching for Portland Privateers : RHP Blaine Yarbrough
Batting: RHB António Pérez 0-0: Ball
1-0: Ground out 6-3 (Groundball, 6M)
Batting: SHB Ricardo Arévalo 0-0: Ball
1-0: Ball
2-0: Called Strike
2-1: Foul Ball, location: 2F
2-2: Foul Ball, location: 2F
2-2: Ball
3-2: Base on Balls
Pitching: RHP Rafael Ruíz
Batting: RHB Jimmy Smith 0-0: Ball
1-0: Ball
2-0: Ball
3-0: Swinging Strike
3-1: Foul Ball, location: 2F
3-2: Foul Ball, location: 2F
3-2: Foul Ball, location: 2F
3-2: Strikes out looking
Batting: RHB Vicente Vélez 0-0: Called Strike
0-1: Ball
1-1: Ball
2-1: SINGLE (Line Drive, 6D)
Ricardo Arévalo to second
Batting: SHB Bob Warren 0-0: Ball
1-0: Foul Ball, location: 2F
1-1: Foul Ball, location: 2F
1-2: Strikes out swinging
Bottom of the 6th over - 0 run(s), 1 hit(s), 0 error(s), 2 left on base; Portland 3 - Wisconsin 1
TOP OF THE 7TH
Portland Privateers batting - Pitching for Wisconsin Timber Rattlers : LHP Tim Wilson
Batting: RHB Luther Stoffels 0-0: Ball
1-0: Ball
2-0: Ground out 5-3 (Groundball, 5S)
Batting: RHB Luis Pineda 0-0: Ball
1-0: Ball
2-0: Ball
3-0: Base on Balls
Batting: RHB Juan Sánchez 0-0: Ball
1-0: Foul Ball, location: 2F
1-1: Foul Ball, location: 2F
1-2: Ball
2-2: Ball
3-2: Base on Balls
Luis Pineda to second
Batting: RHB Troy Lau 0-0: Called Strike
0-1: Called Strike
0-2: Ball
1-2: Ball
2-2: Strikes out swinging
Pinch Hitting: RHB Tomás Estrada 0-0: Fielders Choice at 2nd, U6 (Groundball, 6M)
Top of the 7th over - 0 run(s), 0 hit(s), 0 error(s), 2 left on base; Portland 3 - Wisconsin 1
BOTTOM OF THE 7TH
Wisconsin Timber Rattlers batting - Pitching for Portland Privateers : RHP Rafael Ruíz
Now at 2B: Ramiro Gámez
Batting: RHB William Farmer 0-0: Called Strike
0-1: Foul Ball, location: 2F
0-2: Ball
1-2: Ball
2-2: Foul Ball, location: 2F
2-2: Ball
3-2: Fly out, F3 (Line Drive, 34S)
Batting: RHB Murdoch Norton 0-0: Ball
1-0: Foul Ball, location: 2F
1-1: Ball
2-1: SINGLE (Line Drive, 6MD)
Batting: RHB Bailey Ramsey 0-0: Ball
1-0: Ball
2-0: SINGLE (Groundball, 6MD)
Murdoch Norton to second
Batting: RHB John Denton 0-0: Foul Ball, location: 2F
0-1: Fly out, F3 (Popup, 3SF)
Pinch Hitting: LHB Avery Hopkins 0-0: DOUBLE (Popup, 8LS)
Murdoch Norton scores
Bailey Ramsey to third
Runner from 3rd tries for Home, SAFE, no throw or cutoff
Batting: SHB Ricardo Arévalo 0-0: Ball
1-0: Foul Ball, location: 2F
1-1: Swinging Strike
1-2: Ball
2-2: Ball
3-2: Strikes out swinging
Bottom of the 7th over - 2 run(s), 3 hit(s), 0 error(s), 1 left on base; Portland 3 - Wisconsin 3
TOP OF THE 8TH
Portland Privateers batting - Pitching for Wisconsin Timber Rattlers : LHP Tim Wilson
Now at 3B: Fraser Stanton
Batting: RHB Júlio Vélez 0-0: Swinging Strike
0-1: Fly out, F7 (Line Drive, 7M)
Pinch Hitting: RHB Carlos Castro 0-0: Ball
1-0: Ball
2-0: Foul Ball, location: 2F
2-1: Fly out, F8 (Flyball, 8RM)
Batting: LHB Pedro Padilla 0-0: Ball
1-0: Ground out U3 (Groundball, 3L)
Top of the 8th over - 0 run(s), 0 hit(s), 0 error(s), 0 left on base; Portland 3 - Wisconsin 3
BOTTOM OF THE 8TH
Wisconsin Timber Rattlers batting - Pitching for Portland Privateers : RHP Rafael Ruíz
Now at C: Carlos Castro
Batting: RHB Jimmy Smith 0-0: Ball
1-0: Ball
2-0: Swinging Strike
2-1: Ground out 1-3 (Groundball, 15S)
Pitching: LHP Alfredo González
Batting: RHB Vicente Vélez 0-0: Ball
1-0: Ball
2-0: Swinging Strike
2-1: SOLO HOME RUN (Line Drive, 7D), Distance : 388 ft
Batting: SHB Bob Warren 0-0: Called Strike
0-1: Foul Ball, location: 2F
0-2: Ball
1-2: Ball
2-2: Strikes out looking
Batting: RHB William Farmer 0-0: Foul Ball, location: 2F
0-1: Ground out 1-3 (Groundball, 13S)
Bottom of the 8th over - 1 run(s), 1 hit(s), 0 error(s), 0 left on base; Portland 3 - Wisconsin 4
TOP OF THE 9TH
Portland Privateers batting - Pitching for Wisconsin Timber Rattlers : LHP Tim Wilson
Now in CF: Alfredo Padilla
Batting: RHB Jorge Cora 0-0: Ball
1-0: Foul Ball, location: 2F
1-1: Foul Ball, location: 2F
1-2: Ball
2-2: Foul Ball, location: 2F
2-2: SINGLE (Flyball, 89S)
Pitching: RHP Drew Bailey
Batting: RHB Luther Stoffels 0-0: Bunted foul
0-1: Bunted foul
0-2: Ball
1-2: Ball
2-2: Ball
3-2: Foul Ball, location: 2F
3-2: Fly out, F8 (Flyball, 78D)
Batting: RHB Luis Pineda 0-0: Ball
1-0: Foul Ball, location: 2F
1-1: Ball
2-1: Ball
3-1: Called Strike
3-2: Foul Ball, location: 2F
3-2: Foul Ball, location: 2F
3-2: Foul Ball, location: 2F
3-2: Base on Balls
Jorge Cora to second
Pinch Hitting: LHB Yasuhiko Onodera 0-0: Ball
1-0: Ball
2-0: Ball
3-0: Called Strike
3-1: Foul Ball, location: 2F
3-2: Grounds into double play, 6-4-3 (Groundball, 6)
Top of the 9th over - 0 run(s), 1 hit(s), 0 error(s), 1 left on base; Portland 3 - Wisconsin 4
Monday, December 5th, 2016 - OOTP Baseball 17.12 Build 75